Map: Habitation Station LE (Void)

Players

Fropez

  • Race: Protoss Protoss
  • League: Gold
  • Spawn Location: 1:00

sneakyz - Winner!

  • Race: Zerg Zerg
  • League: Gold
  • Spawn Location: 11:00

VOD

Have the link to the VOD?

Description

Time

  • Played on: Dec. 8, 2016, 2:40 p.m.
  • Length: 4:50
Show
View Real Time Build Order
Export as new Build Order

Fropez Protoss 

Build Orders: Oracle Opening 

Get SALT Encoding   

  12  0:01  Probe (Chrono Boost)  
  13  0:15  Pylon  
  13  0:17  Probe (Chrono Boost)  
  14  0:27  Probe (Chrono Boost)  
  15  0:40  Gateway  
  15  0:43  Probe (Chrono Boost), Assimilator  
  16  0:53  Probe (Chrono Boost)  
  17  1:15  Probe (Chrono Boost)  
  18  1:22  Assimilator  
  19  1:25  Probe (Chrono Boost)  
  19  1:32  Pylon, Cybernetics Core  
  19  1:36  Probe (Chrono Boost)  
  20  1:47  Probe (Chrono Boost)  
  21  1:57  Probe (Chrono Boost)  
  22  2:10  Pylon, Stargate  
  22  2:17  Probe (Chrono Boost)  
  23  2:30  Warp Gate (Chrono Boost)  
  23  2:31  Stalker  
  25  2:40  Nexus  
  25  2:46  Gateway  
  25  2:53  Oracle (Chrono Boost)  
  27  3:10  Adept  
  29  3:13  Probe  
  30  3:27  Oracle  
  33  3:35  Adept  
  33  3:37  Adept  
  33  3:38  Probe  
  29  4:22  Probe  
  29  4:23  Probe  
  20  4:32  Probe  
  20  4:35  Probe  
Show
View Real Time Build Order
Export as new Build Order

sneakyz Zerg - Winner!

Build Orders: Hatch First 

Get SALT Encoding   

  12  0:07  Overlord  
  12  0:13  Drone  
  13  0:17  Drone  
  14  0:27  Drone  
  15  0:32  Drone  
  16  0:41  Drone  
  17  0:54  Hatchery  
  17  0:56  Drone  
  17  1:00  Extractor  
  17  1:03  Drone  
  17  1:17  Spawning Pool  
  16  1:23  Drone  
  16  1:24  Drone  
  18  1:34  Drone  
  19  1:45  Drone  
  20  1:58  Overlord  
  20  2:06  Queen x2  
  20  2:08  Zergling x4  
  26  2:11  Metabolic Boost  
  26  2:19  Evolution Chamber, Drone  
  26  2:22  Zergling x2  
  27  2:29  Zergling x4  
  29  2:44  Zergling x2  
  29  2:45  Zergling x2  
  31  3:05  Overlord, Drone  
  32  3:06  Overlord  
  32  3:15  Drone x2  
  32  3:16  Extractor, Drone  
  34  3:25  Zergling x4  
  36  3:34  Zergling x6  
  36  3:35  Zergling x6  
  33  4:22  Drone  
  33  4:23  Drone x5  
Tags
 
Add a new tag
Caveats
  • Supply blocks, unpowered buildings, or Contaminate may cause inaccurate times.
  • Supply counts are checked every 10 seconds.